 Dungeon Crawl Stone Soup version 0.30-a0-779-g7971cf19c3 (webtiles) character file.

Game seed: 1035131520719325881

2401 Ceno the Trooper (level 9, -3/63 HPs)
             Began as an Octopode Transmuter on Feb 17, 2023.
             Was an Initiate of Sif Muna.
             Slain by a polar bear (12 damage)
             ... on level 8 of the Dungeon.
             The game lasted 00:34:07 (8959 turns).

Ceno the Trooper (Octopode Transmuter)              Turns: 8959, Time: 00:34:08

Health: -3/63      AC:  2    Str:  9    XL:     9   Next: 46%
Magic:  0/15       EV: 19    Int: 19    God:    Sif Muna [......]
Gold:   409        SH:  0    Dex: 18    Spells: 6/16 levels left

rFire   . . .      SeeInvis .      - Unarmed
rCold   . . .      Faith    .    (shield currently unavailable)
rNeg    . . .      Spirit   +    (helmet currently unavailable)
rPois   x          Reflect  .    d - amulet of guardian spirit
rElec   .          Harm     .    t - ring of resist corrosion
rCorr   +          Rampage  .    (no ring)
Will    .....                    (no ring)
Stlth   ++                       (no ring)
HPRegen 0.30/turn                (no ring)
MPRegen 0.14/turn                (no ring)
                                 (no ring)
                                 (no ring)

@: spider-form
A: venomous fangs, almost no armour, (amphibious), 8 rings, tiny, (camouflage
1), (gelatinous body 1), (nimble swimmer 1), (tentacles)
a: End Transformation, Renounce Religion


You were on level 8 of the Dungeon.
You worshipped Sif Muna.
Sif Muna was noncommittal.
You were a venomous arachnid creature.
You visited 2 branches of the dungeon, and saw 9 of its levels.
You also visited: Ossuary.

You collected 409 gold pieces.

Inventory:

Missiles
 e - 43 stones (quivered)
 p - 2 atropa-tipped darts
 x - 17 poisoned darts
Jewellery
 d - an amulet of guardian spirit (around neck)
 t - a ring of resist corrosion (left front pincers)
Wands
 y - a wand of acid (9)
Scrolls
 b - 2 scrolls of blinking {unknown}
 c - 6 scrolls of teleportation
 g - a scroll of fog
 h - 4 scrolls of amnesia
 m - a scroll of enchant armour
 n - 2 scrolls of immolation {unknown}
 o - a scroll of fear {unknown}
 r - a scroll of enchant weapon
 s - 2 scrolls of vulnerability {unknown}
 u - a scroll of magic mapping
 A - a scroll of brand weapon {unknown}
Potions
 a - a potion of lignification
 f - a potion of invisibility {unknown}
 i - 2 potions of might {unknown}
 j - a potion of attraction {unknown}
 k - 5 potions of haste
 l - a potion of flight {unknown}
 q - 2 potions of curing
 w - a potion of magic {unknown}
 z - 4 potions of heal wounds


   Skills:
 + Level 6.4 Fighting
 + Level 2.3 Dodging
 + Level 6.4 Unarmed Combat
 - Level 4.0 Spellcasting
 - Level 5.0 Transmutations
 - Level 5.0 Ice Magic
 - Level 4.0 Poison Magic
 + Level 1.0 Invocations


You had 6 spell levels left.
You knew the following spells:

 Your Spells              Type           Power      Damage    Failure   Level
a - Beastly Appendage     Tmut           44%        N/A       8%          1
b - Wereblood             Tmut           22%        N/A       10%         2
c - Spider Form           Tmut/Pois      20%        N/A       17%         3
d - Ice Form              Ice/Tmut       22%        N/A       36%         4

Your spell library contained the following spells:

 Spells                   Type           Power      Damage    Failure   Level
 Ensorcelled Hibernation  Hex/Ice        26%        N/A       21%         2
 Passwall                 Tmut/Erth      10%        N/A       21%         2
 Dazzling Flash           Conj/Hex       6%         N/A       61%         3
 Swiftness                Air            3%         N/A       61%         3
 Agony                    Necr           3%         N/A       99%         5
 Silence                  Hex/Air        1%         N/A       99%         5
 Summon Forest            Summ/Tloc      1%         N/A       99%         5
 Spellforged Servitor     Conj/Summ      1%         N/A       100%        7
 Animate Armour           Summ/Erth      Unusable   N/A       N/A         4

Dungeon Overview and Level Annotations

Branches:
Dungeon (8/15)             Temple (1/1) D:6         Ossuary (visited)
   Lair: D:8-11

Altars:
Ashenzari
Dithmenos
Elyvilon
Fedhas
Gozag
Hepliaklqana
Kikubaaqudgha
Makhleb
Nemelex Xobeh
Okawaru
Qazlal
Ru
Sif Muna
Trog
Uskayaw
Vehumet
Wu Jian
Xom
Yredelemnul
Zin
The Shining One

Shops:
D:5 *

Annotations:
D:7 1 runed translucent door, Palms's ghost, novice DrTm


Innate Abilities, Weirdness & Mutations

You are a venomous arachnid creature.
You have venomous fangs.
You are tiny and dextrous.
Your spellcasting is less reliable in this form.
Your armour is entirely melded.
You are incapable of wielding weapons or throwing items.
You cannot wear most types of armour.
((You are amphibious.))
You can wear up to eight rings at the same time.
((Your skin changes colour to match your surroundings (Stealth+).))
((Your rubbery body absorbs attacks. (AC +1, EV +1)))
((You are camouflaged when in or above water. (Stealth+)))
((You have tentacles for arms and can constrict up to eight enemies at once.))


Message History

Magic restored.
Casting: Spider Form (dangerous; 6% risk of failure)
Confirm with . or Enter, or press ? or * to list all spells.
You turn into a venomous arachnid creature.
You hear an angry growl.
You hear an angry hiss.
You hit the polar bear but do no damage.
The polar bear is poisoned.
The polar bear barely misses you. The polar bear closely misses you.
The polar bear claws you.
You bite the polar bear!
The polar bear looks as sick as possible!
The polar bear is lightly wounded.
The polar bear bites you! The polar bear misses you. The polar bear claws you.
You barely miss the polar bear.
The polar bear is lightly wounded.
The polar bear bites you! The polar bear completely misses you.
The polar bear claws you.
You hit the polar bear.
The polar bear is moderately wounded.
The polar bear completely misses you. The polar bear barely misses you.
The polar bear claws you.
You bite the polar bear!
The polar bear looks as sick as possible!
The polar bear is heavily wounded.
The polar bear closely misses you. The polar bear claws you. x2
You hit the polar bear but do no damage.
The polar bear looks as sick as possible!
The polar bear is heavily wounded.
The polar bear bites you! The polar bear closely misses you.
The polar bear claws you.
You barely miss the polar bear.
The polar bear is heavily wounded.
You hit the polar bear.
The polar bear looks as sick as possible!
The polar bear is heavily wounded.
The polar bear bites you!
* * * LOW HITPOINT WARNING * * *
The polar bear closely misses you. The polar bear barely misses you.
The polar bear attacks as you move away!
The polar bear bites you!
You die...

.......# #.#
#.§≈§>≈≈.....
#......##.. ..#
#.§§§≈≈≈..##.
#.#######.# # #.#
#.≈§≈≈≈§.## . #.# #.##.#
#†# #.........# #h##
#.##.###.# ####.###.##
...## #........#
##.#<###.## ....##
#........# ##.#.........
.....##
#.#..###h###.###..##.###
).....###<...###s##.##
##..#.#
).....'............##
#....
......###......#.##.#
.### .....## #.#.##.#.#
#.# ## ....## #..... ..#
#.# ...## ######.### #.#
#+## #.# .# # #


You could see a polar bear (extremely poisoned).

Vanquished Creatures
  Eustachio (D:3)
  A steam dragon (D:6)
  2 sky beasts
  An orc warrior (D:6)
  A black bear (D:7)
  A wolf (D:8)
  4 kobold brigands
  A bullfrog (D:6)
  2 necrophages
  3 scorpions
  A wight (Ossuary)
  3 centaur zombies (Ossuary)
  2 bullfrog zombies (Ossuary)
  2 jellies (D:6)
  An orc priest (D:3)
  2 hounds
  2 gnoll boudas
  4 iguanas
  2 orc wizards
  A scorpion zombie (Ossuary)
  3 ogre zombies (Ossuary)
  Robin (D:4)
  16 gnolls
  5 adders
  2 shadow imps
  A white imp (D:6)
  2 ufetubi
  2 adder zombies (Ossuary)
  3 worms
  3 dart slugs
  13 orcs
  6 ball pythons
  2 bats
  An endoplasm (D:3)
  4 giant cockroaches
  3 gnoll zombies (Ossuary)
  12 goblins
  5 hobgoblins
  34 kobolds
  3 quokkas
  4 frilled lizards
  2 goblin zombies (Ossuary)
  3 hobgoblin zombies (Ossuary)
  4 orc zombies (Ossuary)
  10 rats
181 creatures vanquished.

Vanquished Creatures (others)
  2 withered plants (D:7)
2 creatures vanquished.

Grand Total: 183 creatures vanquished

Notes
Turn   | Place    | Note
-------+----------+-------------------------------------------
     0 | D:1      | Ceno the Octopode Transmuter began the quest for the Orb.
     0 | D:1      | Reached XP level 1. HP: 13/13 MP: 3/3
   124 | D:1      | Reached skill level 1 in Poison Magic
   126 | D:1      | Reached XP level 2. HP: 14/18 MP: 3/5
   129 | D:1      | Learned a level 2 spell: Wereblood
   517 | D:1      | Found a faded altar of an unknown god.
   961 | D:2      | Reached XP level 3. HP: 19/23 MP: 0/6
  1182 | D:2      | Learned a level 3 spell: Spider Form
  1624 | D:3      | Reached XP level 4. HP: 29/29 MP: 1/7
  2100 | D:3      | Reached XP level 5. HP: 35/35 MP: 8/8
  2807 | D:4      | Noticed Eustachio
  2835 | D:3      | Killed Eustachio
  2836 | D:3      | Reached XP level 6. HP: 13/42 MP: 7/9
  3221 | D:4      | Noticed Robin
  3237 | D:4      | Killed Robin
  3930 | D:3      | Reached XP level 7. HP: 44/47 MP: 8/11
  4058 | D:5      | Entered Level 5 of the Dungeon
  4987 | D:5      | Found Xeceq's CLEARANCE SALE!.
  5413 | D:6      | Reached skill level 1 in Ice Magic
  5413 | D:6      | Reached XP level 8. HP: 41/54 MP: 9/13
  5488 | D:6      | Found a sand-covered staircase.
  5494 | Ossuary  | Entered an ossuary
  5510 | Ossuary  | Learned a level 4 spell: Ice Form
  5800 | Ossuary  | Reached skill level 5 in Unarmed Combat
  5936 | Ossuary  | Reached skill level 5 in Fighting
  6009 | Ossuary  | Noticed a silent spectre
  6449 | D:6      | Got the Treatise on the Retinue
  6620 | D:6      | Reached XP level 9. HP: 51/62 MP: 8/15
  6954 | D:6      | Found a staircase to the Ecumenical Temple.
  6963 | Temple   | Entered the Ecumenical Temple
  7016 | Temple   | Became a worshipper of Sif Muna the Loreminder
  7766 | D:7      | Found a runed translucent door.
  7766 | D:7      | Noticed Palms's ghost (novice DrTm)
  7932 | D:7      | Reached skill level 5 in Ice Magic
  8019 | D:7      | Reached skill level 5 in Transmutations
  8698 | D:7      | Found an iron altar of Okawaru.
  8840 | D:8      | Noticed a polar bear
  8891 | D:8      | Found a sacrificial altar of Ru.
  8924 | D:8      | Reached skill level 1 in Invocations
  8959 | D:8      | Slain by a polar bear

Illustrated notes

Levels and vault maps discovered:
D:1:      minmay_arrival_checkered_box, layout_basic,
          shapermc_ecumenical_altar_pompeii
D:2:      layout_rooms, dk_noncrumbling_3, wad_floor_pattern_untrapped
D:3:      layout_rooms, grunt_ministairs_2
D:4:      layout_loops_ring, uniq_robin, uniq_eustachio
D:5:      layout_loops_ring, dreamdust_princess_corridor, nicolae_shop_clearance
D:6:      layout_basic, minmay_temple_entry_mist, nicolae_ossuary_entry_plus,
          nicolae_figureground_sparkle
D:7:      layout_loops_ring, lemuel_round_altar, gammafunk_ghost_grave,
          chequers_serial_rivers_micro_c, minmay_misc_feat_secret_circle,
          chequers_serial_rivers_small_b
D:8:      minmay_bloctagon_deflated, layout_loops_corners,
          general_overflow_altar, hellmonk_lair_entry_icy, serial_shops,
          nicolae_shop_window_shopping, ebering_ghost_xom, feat_on_display
Temple:   hellmonk_temple_of_storms

Skill      XL: |  1  2  3  4  5  6  7  8  9 |
---------------+----------------------------+-----
Poison Magic   | 1 2 3 4 |  4.0
Fighting       | 2 3 4 5 6 |  6.4
Transmutations | 3 4 5 |  5.0
Spellcasting   | 3 4 |  4.0
Unarmed Combat | 4 5 6 |  6.4
Ice Magic      | 1 4 5 |  5.0
Invocations    | 1 |  1.0
Dodging        | |  2.3

Action                     |  1- 3 |  4- 6 |  7- 9 || total
---------------------------+-------+-------+-------++-------
  Melee: Unarmed           |    65 |   129 |   300 ||   494
         Constrict         |    23 |    18 |    37 ||    78
         Kick              |    12 |    17 |    63 ||    92
         Tentacles         |    11 |     7 |    46 ||    64
         Punch             |       |     1 |    10 ||    11
  Throw: Stone             |     7 |    10 |    15 ||    32
         Dart              |       |       |     2 ||     2
   Cast: Beastly Appendage |    23 |    19 |    28 ||    70
         Wereblood         |     3 |     2 |    11 ||    16
         Spider Form       |     3 |    13 |    21 ||    37
         Ice Form          |       |       |     1 ||     1
Ability: End Transformatio |    13 |    21 |    34 ||    68
    Use: Scroll            |       |     4 |     7 ||    11
         Potion            |       |       |     1 ||     1
   Stab: Sleeping          |     3 |     4 |     2 ||     9
 Armour: Skin              |     4 |     4 |    31 ||    39
  Dodge: Dodged            |    26 |   108 |   200 ||   334

Table legend: (Time is in decaauts)
 A = Elapsed time spent in this place.
 B = Non-inter-level travel time spent in this place.
 C = Inter-level travel time spent in this place.
 D = Time resting spent in this place.
 E = Time spent auto-exploring this place.
 F = Levels seen in this place.
 G = Mean time per level.
                   A        B        C        D        E       F      G
               +--------+--------+--------+--------+--------+-----+--------+
         Total |   8951 |   8612 |    339 |   1932 |   3870 |  10 |  895.1 |
       Dungeon |   8342 |   8013 |    329 |   1683 |   3859 |   8 | 1042.8 |
        Temple |     64 |     54 |     10 |      0 |     11 |   1 |   64.0 |
       Ossuary |    544 |    544 |      0 |    249 |      0 |   1 |  544.0 |
               +--------+--------+--------+--------+--------+-----+--------+

Top non-repeatable levels by time:
     D:5: 1527 daAuts
     D:4: 1277 daAuts
     D:6: 1246 daAuts
     D:3: 1156 daAuts
     D:7: 1145 daAuts
     D:1: 1019 daAuts
     D:2: 840 daAuts
 Ossuary: 544 daAuts
     D:8: 129 daAuts
  Temple: 64 daAuts
